 Dungeon Crawl Stone Soup version 0.18.1-6-gd335043 (webtiles) character file.

105 Hipnos the Covered (level 4, -3/35 HPs)
             Began as a Demonspawn Fighter on May 18, 2016.
             Was an Initiate of Qazlal.
             Killed by divine providence
             ... invoked by an orc priest
              (12 damage)
             ... on level 5 of the Dungeon.
             The game lasted 00:04:53 (2496 turns).

Hipnos the Covered (Demonspawn Fighter)             Turns: 2496, Time: 00:04:53

Health: -3/35      AC:  6    Str: 22    XL:     4   Next: 53%
Magic:  4/4        EV:  8    Int:  9    God:    Qazlal [......]
Gold:   116        SH:  9    Dex: 13    Spells: 0 memorised, 3 levels left

rFire  + . .     SeeInvis .     a - +0 flail
rCold  . . .     Gourm    .     b - +0 scale mail
rNeg   . . .     Faith    .     c - +0 shield
rPois  .         Spirit   .     (no helmet)
rElec  .         Dismiss  .     (no cloak)
rCorr  .         Reflect  .     (no gloves)
SustAt .         Harm     .     (no boots)
MR     .....                    (no amulet)
Stlth  ..........               (no ring)
                                l - ring of protection from fire

@: mighty, not resistant to hostile enchantments, extremely unstealthy
A: claws 2
a: Renounce Religion


You were on level 5 of the Dungeon.
You worshipped Qazlal.
Qazlal was noncommittal.
You were hungry.

You visited 2 branches of the dungeon, and saw 5 of its levels.

You collected 116 gold pieces.

Inventory:

Hand Weapons
 a - a +0 flail (weapon)
Armour
 b - a +0 scale mail (worn)
 c - a +0 shield (worn)
Jewellery
 l - a ring of protection from fire (left claw)
 u - a +4 ring of dexterity {unknown}
Wands
 t - a wand of confusion (17/48)
Scrolls
 e - a scroll of enchant weapon {unknown}
 j - 2 scrolls of remove curse {unknown}
 k - a scroll of fog {unknown}
 m - a scroll of random uselessness {unknown}
 p - 5 scrolls of identify {unknown}
 q - a scroll of blinking {unknown}
 r - 2 scrolls of immolation {unknown}
Potions
 g - a potion of agility {unknown}
 h - a potion of brilliance {unknown}
 i - a potion of cure mutation {unknown}
 n - a potion of lignification {unknown}
 o - 4 potions of flight {unknown}
Comestibles
 f - 3 bread rations
 s - a meat ration
 v - a chunk of flesh


   Skills:
 + Level 3.4 Fighting
 * Level 2.7 Maces & Flails
 + Level 3.4 Armour
 + Level 1.2 Dodging
 + Level 3.0 Shields


You had 3 spell levels left.
You didn't know any spells.

Dungeon Overview and Level Annotations

Branches:
Dungeon (5/15)             Temple (1/1) D:5

Altars:
Ashenzari
Cheibriados
Dithmenos
Elyvilon
Fedhas
Nemelex Xobeh
Pakellas
Qazlal
Ru
Sif Muna
Vehumet
Zin


Innate Abilities, Weirdness & Mutations

You have very sharp fingernails.


Message History

You are feeling hungry.
You climb upwards.
Welcome back to the Dungeon!
There is a staircase to the Ecumenical Temple here.
The orc priest invokes the aid of Beogh against you.
Pain shoots through your body!
The orc priest calls down the wrath of Beogh upon you.
Beogh smites you!
You see here a spear.
The orc priest invokes the aid of Beogh against you.
Beogh smites you!
* * * LOW HITPOINT WARNING * * *
Drink which item? (? for menu, Esc to quit)
You feel very mighty all of a sudden. You block the orc priest's attack.
You closely miss the orc priest. The orc priest barely misses you.
You thump the orc priest!
The orc priest is severely wounded.
The orc priest mumbles some strange prayers to Beogh against you.
Beogh smites you!
You die...

### ..# .. #
#.##.# .....## #
####......#
#.#####..o......#
#........@.....#
..#..8.8)8.....#
##..⌠.⌠........
#.8.>.8.#####.
#..⌠.⌠..#
#.8.8.8.#
#.......#
###.....# #....##


You could see an orc priest.

Vanquished Creatures
  2 adders
  4 oozes
  4 worms
  A dart slug (D:1)
  3 giant geckos
  4 orcs (Temple)
  3 giant cockroaches
  3 goblins
  5 hobgoblins
  4 jackals (D:1)
  2 bats
  A giant newt (D:3)
  6 kobolds
  9 rats
51 creatures vanquished.

Notes
Turn   | Place    | Note
--------------------------------------------------------------
     0 | D:1      | Hipnos the Demonspawn Fighter began the quest for the Orb.
     0 | D:1      | Reached XP level 1. HP: 18/18 MP: 1/1
   274 | D:1      | Gained mutation: You have sharp fingernails. [demonic ancestry]
   274 | D:1      | Reached XP level 2. HP: 18/24 MP: 2/2
   753 | D:2      | Gained mutation: You have very sharp fingernails. [demonic ancestry]
   753 | D:2      | Reached XP level 3. HP: 14/29 MP: 3/3
  1192 | D:2      | Reached skill level 1 in Dodging
  1525 | D:2      | Found a blossoming altar of Fedhas.
  1823 | D:3      | Reached XP level 4. HP: 30/35 MP: 4/4
  2251 | D:3      | You fall through a shaft for 2 floors!
  2251 | D:5      | Entered Level 5 of the Dungeon
  2251 | D:5      | Found a staircase to the Ecumenical Temple.
  2256 | Temple   | Entered the Ecumenical Temple
  2283 | Temple   | Became a worshipper of Qazlal Stormbringer
  2496 | D:5      | Killed from afar by an orc priest

Skill      XL: |  1  2  3  4 |
---------------+-------------+-----
Maces & Flails | 2 |  2.7
Armour         | 3 |  3.4
Dodging        | 1 |  1.2
Shields        | 3 |  3.0
Fighting       | |  3.4

Action                   |  1- 3 |  4- 6 || total
-------------------------+-------+-------++-------
Melee: Flail             |   164 |    63 ||   227
  Use: Potion            |       |     1 ||     1
  Eat: Chunk             |     2 |     3 ||     5
Armor: Scale mail        |    53 |    29 ||    82
Dodge: Dodged            |    39 |    17 ||    56
Block: Shield            |    68 |    29 ||    97
